AoeStats
← 建興法師

Arena

510801578Analyzed
4v4 RM · 16h ago on Oct 2, 2026· 55m 10s· 8 players
Game mode
Random Map
Map size
Large (8 player)
Population
200
Speed
Normal
Resources
Standard
Victory
Conquest
Starting age
Dark Age
Ending age
Imperial Age
RankedLock teamsTeams togetherTeam positionsShared explorationLock speedFull tech treeHidden civsTurbo modeCheats
Victory
Defeat
🇭🇰 Inca · Hong Kong SAR China
1091
+15
🇭🇰 Shu · Hong Kong SAR China
1082
+15
🇭🇰 Turks · Hong Kong SAR China
1049
+17
🇨🇳 Poles · China
1025
+18
🇭🇰 Saxons · Hong Kong SAR China
1120
-18
🇬🇧 Byzantines · United Kingdom
1102
-18
🇭🇰 Vietnamese · Hong Kong SAR China
1080
-17
🇭🇰 Huns · Hong Kong SAR China
951
-12
伐伐伐伐伐木工
10:49 Feudal Age
14:23 Castle Age
12:08 Horse Collar
12:15 Double-Bit Axe
17:16 Wheelbarrow
16:54 Squires
16:39 Arson
16:40 Gambesons
17:28 Bow Saw
19:33 Loom
22:33 Scale Mail Armor
24:33 Hand Cart
26:07 Chain Mail Armor
27:21 Treadmill Crane
32:07 Imperial Age
30:33 Town Watch
31:01 Forging
30:42 Fletching
31:14 Ballistics
31:05 Gold Mining
32:29 Stone Mining
32:58 Elite Hearth Troop
34:20 Plate Mail Armor
34:25 Iron Casting
33:46 Bodkin Arrow
34:41 Fortified Wall
34:42 Masonry
35:33 Chemistry
35:52 Two-Man Saw
35:20 Conscription
34:22 Shield Wall
36:42 Coinage
37:23 Hoardings
38:06 Architecture
37:42 Bracer
38:39 Banking
39:37 Guilds
49:53 Pikeman
51:27 Gold Shaft Mining
50:58 Padded Archer Armor
50:40 Halberdier
53:45 Leather Archer Armor
54:00 Elite Skirmisher
曠曠曠曠曠曠工
11:45 Feudal Age
13:50 Double-Bit Axe
13:47 Horse Collar
15:22 Wheelbarrow
17:13 Castle Age
17:09 Gold Mining
19:23 Bow Saw
19:48 Loom
23:18 Imperial Age
23:36 Stone Mining
23:50 Heavy Plow
25:33 Fletching
28:12 Chemistry
27:16 Bodkin Arrow
28:47 Scale Barding Armor
28:45 Elite Skirmisher
31:25 Pikeman
33:19 Imperial Skirmisher
35:10 Padded Archer Armor
36:30 Conscription
37:40 Treadmill Crane
39:31 Hand Cart
41:26 Ballistics
42:12 Bracer
46:29 Leather Archer Armor
46:25 Forging
46:53 Halberdier
47:19 Gambesons
52:18 Squires
52:04 Arson
54:09 Thumb Ring
建興法師
9:32 Loom
11:48 Feudal Age
23:53 Castle Age
22:36 Double-Bit Axe
32:57 Crossbowman
46:52 Wheelbarrow
53:55 Gold Mining
慈母守中線 游子身上E
11:52 Feudal Age
13:28 Loom
16:33 Castle Age
17:32 Scale Barding Armor
17:34 Gold Mining
17:32 Double-Bit Axe
20:59 Forging
21:10 Chain Barding Armor
20:36 Horse Collar
22:05 Bloodlines
28:17 Bow Saw
28:15 Heavy Plow
32:06 Iron Casting
37:21 Fletching
43:22 Light Cavalry
53:34 Thumb Ring
香江七百萬大才子
5:13 Loom
10:21 Feudal Age
15:16 Castle Age
13:26 Double-Bit Axe
16:20 Horse Collar
16:33 Gold Mining
17:01 Bow Saw
22:48 Heavy Plow
23:57 Gold Shaft Mining
26:06 Stone Mining
27:00 Wheelbarrow
29:17 Imperial Age
27:19 Husbandry
28:13 Scale Barding Armor
28:19 Forging
30:33 Conscription
30:33 Hand Cart
32:34 Chain Barding Armor
35:16 Two-Man Saw
33:39 Heavy Hei Guang Cavalry
44:25 Plate Barding Armor
50:39 Light Cavalry
53:56 Siege Engineers
Waku Waku
1:57 Loom
12:58 Feudal Age
14:02 Double-Bit Axe
18:06 Castle Age
15:50 Horse Collar
16:03 Gold Mining
19:33 Bow Saw
19:48 Heavy Plow
24:59 Imperial Age
24:44 Wheelbarrow
25:22 Fortified Wall
26:26 Thumb Ring
28:38 Bloodlines
37:30 Husbandry
39:01 Hand Cart
44:11 Heavy Scorpion
idle villager
11:43 Feudal Age
15:53 Castle Age
14:42 Scale Mail Armor
14:41 Double-Bit Axe
14:38 Horse Collar
15:33 Forging
16:45 Squires
21:14 Bow Saw
23:46 Wheelbarrow
23:38 Heavy Plow
24:33 Stone Mining
29:53 Imperial Age
28:22 Chain Mail Armor
29:00 Stone Shaft Mining
29:34 Iron Casting
29:06 Loom
31:05 Conscription
30:07 Elite Kamayuk
32:14 Blast Furnace
31:09 Gold Mining
32:11 Crop Rotation
33:57 Plate Mail Armor
33:35 Treadmill Crane
38:58 Hand Cart
40:12 Gold Shaft Mining
39:49 Fortified Wall
39:45 Siege Engineers
41:05 Chemistry
40:25 Ballistics
40:19 Fabric Shields
42:16 Fletching
42:26 Padded Archer Armor
42:38 Masonry
48:07 Leather Archer Armor
47:47 Bodkin Arrow
48:13 Andean Sling
49:19 Thumb Ring
52:55 Hoardings
52:21 Bracer
52:52 Ring Archer Armor
54:55 Town Watch
大汉忠臣曹孟德
6:16 Loom
8:55 Feudal Age
9:32 Double-Bit Axe
11:24 Horse Collar
17:40 Horse Collar
21:29 Fletching
26:13 Castle Age
24:21 Stone Mining
25:23 Gold Mining
26:35 Padded Archer Armor
27:05 Pikeman
28:22 Heavy Plow
30:19 Guard Tower
34:26 Wheelbarrow
33:36 Town Watch
35:03 Stone Shaft Mining
34:46 Bodkin Arrow
35:44 Hand Cart
38:53 Imperial Age
37:41 Masonry
37:55 Ballistics
37:46 Fortified Wall
37:58 Szlachta Privileges
38:41 Husbandry
38:51 Bloodlines
38:53 Forging
38:48 Scale Barding Armor
40:03 Conscription
40:22 Iron Casting
40:47 Bow Saw
40:40 Cavalier
41:47 Chain Barding Armor
43:50 Crop Rotation
43:22 Town Patrol
44:26 Blast Furnace
44:23 Light Cavalry
47:57 Bracer
48:12 Leather Archer Armor
50:32 Keep
50:58 Chemistry
49:52 Capped Ram
51:15 Winged Hussar
53:34 Siege Ram
54:30 Scale Mail Armor
53:58 Elite Obuch
55:13 Hoardings
54:51 Caravan
55:21 Coinage
Connection lost

Rejoining the realm…

Still unreachable

The connection could not be restored.

Session expired

The server has moved on; the page needs a fresh start.